 Dungeon Crawl Stone Soup version 0.28.0-62-gf88900778d (webtiles) character file.

Game seed: 15174841989831333814

44281 cbfl8 the Bludgeoner (level 14, -2/90 HPs)
             Began as a Gargoyle Berserker on July 6, 2023.
             Was a High Priest of Trog.
             Killed by divine providence
             ... invoked by an orc priest
             ... led by an orc knight
              (13 damage)
             ... on level 15 of the Dungeon.
             The game lasted 00:24:01 (23467 turns).

cbfl8 the Bludgeoner (Gargoyle Berserker)          Turns: 23467, Time: 00:24:03

Health: -2/90      AC: 40    Str: 23    XL:     14   Next: 28%
Magic:  14/14      EV:  8    Int:  7    God:    Trog [*****.]
Gold:   983        SH:  5    Dex: 13    Spells: 13/13 levels left

rFire   + . .      SeeInvis .   A - +4 morningstar (flame)
rCold   . . .      Faith    +   D - +0 buckler
rNeg    + . .      Spirit   .   M - +0 plate armour {rPois}
rPois   ∞          Reflect  .   F - +2 helmet
rElec   +          Harm     .   s - +0 cloak
rCorr   .          Rampage  +   n - +2 pair of gloves
Will    +....                   w - +1 pair of boots {rampage}
Stlth   ..........              k - amulet of faith
HPRegen 0.25/turn               j - +4 ring of protection
MPRegen 0.14/turn               r - ring of protection from fire

@: on berserk cooldown, flying, slowed, very slow
A: sickness immunity, AC +10, big wings, negative energy resistance 1,
electricity resistance, torment resistance 1, petrification resistance
a: Renounce Religion, Berserk, Trog's Hand, Brothers in Arms


You were on level 15 of the Dungeon.
You worshipped Trog.
Trog was extremely pleased with you.
You visited 1 branch of the dungeon, and saw 15 of its levels.

You collected 1255 gold pieces.
You spent 272 gold pieces at shops.

Inventory:

Hand Weapons
 b - a +0 vorpal morningstar
 c - a +9 morningstar
 A - a +4 morningstar of flaming (weapon)
 E - a +1 flail of holy wrath
Missiles
 z - a throwing net (quivered)
 O - 5 boomerangs
Armour
 n - a +2 pair of gloves (worn)
 s - a +0 cloak (worn)
 w - a +1 pair of boots of rampaging (worn)
 D - a +0 buckler (worn)
 F - a +2 helmet (worn)
 M - a +0 plate armour of poison resistance (worn)
Jewellery
 j - a +4 ring of protection (left hand)
 k - an amulet of faith (around neck)
 r - a ring of protection from fire (right hand)
Wands
 v - a wand of flame (59)
 x - a wand of iceblast (9)
 H - a wand of polymorph (13)
 L - a wand of acid (6)
Scrolls
 d - 8 scrolls of teleportation
 f - a scroll of silence
 t - a scroll of immolation
 u - 3 scrolls of magic mapping
Potions
 e - 3 potions of lignification {unknown}
 h - a potion of mutation {unknown}
 i - 5 potions of heal wounds {unknown}
 m - a potion of ambrosia {unknown}
 o - 3 potions of attraction {unknown}
 p - 2 potions of degeneration {unknown}
 q - 2 potions of haste {unknown}
 B - a potion of magic {unknown}
 G - 4 potions of curing {unknown}
 I - a potion of experience {unknown}
 J - a potion of cancellation {unknown}
Miscellaneous
 g - a phial of floods
 C - a box of beasts


   Skills:
 + Level 11.0 Fighting
 + Level 15.0 Maces & Flails
 + Level 4.8 Throwing
 + Level 11.5 Armour
 - Level 4.2 Dodging
 + Level 2.7 Stealth
 + Level 4.5 Shields
 + Level 0.1 Unarmed Combat
 * Level 10.0 Evocations


You had 13 spell levels left.
You didn't know any spells.
Your spell library was empty.

Dungeon Overview and Level Annotations

Branches:
Dungeon (15/15)            Temple (0/1) D:7            Lair (0/6) D:11
    Orc (0/2) D:12         Vaults (0/5) D:14
 Depths: D:15

Altars:
Ashenzari
Cheibriados
Elyvilon
Fedhas
Gozag
Makhleb
Okawaru
Sif Muna
Trog
Zin
The Shining One

Shops:
D:3 (   D:11 *   D:12 [   D:13 [   D:14 *

Portals:
Trove: D:10 (give 5 scrolls of fog)


Innate Abilities, Weirdness & Mutations

You are immune to sickness and miasma.
Your stone body is resilient. (AC +10)
You are immune to poison.
Your large and strong wings let you fly.
You resist negative energy. (rN+)
You are resistant to electric shocks. (rElec)
You are resistant to unholy torment.
You are immune to petrification.


Message History

As you read the scroll of fear, it crumbles to dust.
You assume a fearsome visage.
The centaur resists with some effort.
The centaur looks frightened!
The two-headed ogre looks frightened!
The tengu warrior looks frightened!
The centaur hits you but does no damage.
The centaur closely misses you.
The centaur hits you but does no damage.
The centaur kicks you but does no damage.
Something hits you but does no damage.
The centaur hits you but does no damage.
The centaur kicks you.
* * * LOW HITPOINT WARNING * * *
As you read the scroll of teleportation, it crumbles to dust.
You feel strangely unstable. The centaur barely misses you.
The centaur kicks you but does no damage.
Something hits you.
* * * LOW HITPOINT WARNING * * *
The centaur barely misses you. The centaur kicks you.
* * * LOW HITPOINT WARNING * * *
You hear some strange, mumbled words.
A bolt of magma appears from out of thin air!
The bolt of magma hits you. You partially resist.
* * * LOW HITPOINT WARNING * * *
Your surroundings suddenly seem different. 3 orcs, an ogre, 2 wargs and 3 vampire mosquitoes come into view.
Found a scroll of noise, an amulet of regeneration and a tourmaline ring.
The orc knight shouts!
The orc wizard shouts!
The ogre shouts!
The warg howls! x2
The vampire mosquito buzzes angrily. x3; You hear an angry hiss.
The vampire mosquito bites you but does no damage. x2
The orc knight closely misses you. You block the orc priest's attack.
The vampire mosquito bites you but does no damage.
The warg bites you but does no damage.
Blink to where?
Press: ? - help, Dir - move target A boulder beetle comes into view.
Found an emerald potion.
As you read the scroll of blinking, it crumbles to dust.
The orc priest invokes the aid of Beogh against you.
Beogh smites you!
You die...

#..hy...#
#.o..?..#
#...yh...#
##.yo..#.+
#..o..#
"..O...#####
...........#
...........#
=......#.@..#
#....# #....#
#!...# #....#
.B...# .#..##
#.#..#


You could see a boulder beetle, an orc knight, a warg, 2 vampire mosquitoes, an
ogre, an orc priest and an orc wizard.

Vanquished Creatures
  A rakshasa (D:14)
  2 hydras (D:14)
  An ogre mage (D:8)
  2 boulder beetles
  5 centaur warriors
  Erica (D:8)
  8 two-headed ogres
  2 tengu warriors
  5 skeletal warriors (D:12)
  4 deep elf pyromancers
  19 ugly things
  A wolf spider (D:8)
  An orc knight (D:8)
  2 manticores
  3 cyclopes
  Joseph (D:10)
  2 gargoyles
  3 unseen horrors
  2 kobold demonologists (D:13)
  A freezing wraith (D:15)
  A komodo dragon (D:10)
  A queen bee (shapeshifter) (D:14)
  5 trolls
  A wind drake (shapeshifter) (D:13)
  A tyrant leech (shapeshifter) (D:14)
  14 slime creatures
  2 hornets
  Grinder (D:4)
  2 wraiths
  A shadow (D:9)
  14 yaks
  A vampire (D:12)
  A yak (shapeshifter) (D:14)
  A steam dragon (D:9)
  Grum (D:9)
  4 vampire mosquitoes (D:12)
  An acid dragon (D:11)
  A water moccasin (D:8)
  5 orc warriors
  2 black bears
  A sky beast (D:6)
  14 centaurs
  2 wolves (D:9)
  6 ogres
  A phantom (D:6)
  3 kobold brigands
  A gnoll sergeant (D:8)
  A bullfrog (D:8)
  2 scorpions
  3 water moccasin skeletons
  13 killer bees
  3 wights (D:7)
  4 howler monkeys
  Crazy Yiuf (D:4)
  A bullfrog zombie (D:6)
  3 centaur zombies
  A jelly (D:4)
  7 hounds
  2 bullfrog skeletons
  9 orc priests
  2 iguanas
  14 orc wizards
  2 howler monkey zombies (D:6)
  12 gnolls
  6 adders
  An ufetubus (D:6)
  An adder skeleton (D:4)
  2 dart slugs
  42 orcs
  A bat (D:2)
  2 endoplasms
  5 giant cockroaches
  7 goblins
  6 hobgoblins
  4 quokkas
  9 ball pythons
  2 frilled lizards
  20 kobolds
  6 rats
348 creatures vanquished.

Vanquished Creatures (others)
  A kobold (D:13)
1 creature vanquished.

Grand Total: 349 creatures vanquished

Notes
Turn   | Place    | Note
-------+----------+-------------------------------------------
     0 | D:1      | cbfl8 the Gargoyle Berserker began the quest for the Orb.
     0 | D:1      | Reached XP level 1. HP: 14/14 MP: 1/1
   341 | D:1      | Reached XP level 2. HP: 17/19 MP: 2/2
  1201 | D:2      | Reached XP level 3. HP: 23/23 MP: 3/3
  1597 | D:2      | Found a faded altar of an unknown god.
  1601 | D:2      | Reached ** piety under Trog
  1824 | D:3      | Found an iron altar of Okawaru.
  1847 | D:3      | Reached skill level 1 in Evocations
  1900 | D:3      | Found Yqaapausm's Weapon Shoppe.
  1975 | D:3      | Found a broken altar of Ashenzari.
  2071 | D:3      | Reached XP level 4. HP: 29/29 MP: 4/4
  2086 | D:3      | Reached skill level 4 in Maces & Flails
  2601 | D:4      | Found a runed translucent door.
  2602 | D:4      | Noticed Crazy Yiuf
  2647 | D:4      | Noticed a scorpion
  2656 | D:4      | Killed a scorpion
  2657 | D:4      | Reached XP level 5. HP: 19/33 MP: 5/5
  3151 | D:4      | Noticed an ogre
  3155 | D:4      | Killed an ogre
  3156 | D:4      | Reached skill level 5 in Maces & Flails
  3156 | D:4      | Reached XP level 6. HP: 7/38 MP: 6/6
  3949 | D:4      | Reached skill level 1 in Stealth
  4818 | D:4      | Noticed Grinder
  4847 | D:4      | Killed Grinder
  4848 | D:4      | Reached XP level 7. HP: 29/44 MP: 7/7
  5186 | D:4      | Killed Crazy Yiuf
  5292 | D:5      | Entered Level 5 of the Dungeon
  5292 | D:5      | Noticed a hornet
  5300 | D:5      | Killed a hornet
  5301 | D:5      | Reached skill level 6 in Maces & Flails
  5308 | D:5      | Reached XP level 8. HP: 48/48 MP: 8/8
  5470 | D:5      | Reached skill level 5 in Fighting
  5801 | D:5      | Reached *** piety under Trog
  6264 | D:5      | Found an opulent altar of Gozag.
  6264 | D:5      | Found a glowing silver altar of Zin.
  6406 | D:5      | Reached skill level 7 in Maces & Flails
  6639 | D:6      | Found a bloodstained altar of Trog.
  7228 | D:6      | Reached XP level 9. HP: 54/54 MP: 9/9
  7307 | D:6      | Found a shimmering blue altar of Sif Muna.
  7483 | D:6      | Found a burning altar of Makhleb.
  7815 | D:7      | Reached skill level 8 in Maces & Flails
  7818 | D:7      | Noticed a troll
  8049 | D:7      | Killed a troll
  8126 | D:7      | Found a staircase to the Ecumenical Temple.
  8126 | D:7      | Noticed a manticore
  8139 | D:7      | Killed a manticore
  8410 | D:7      | Reached skill level 5 in Armour
  8412 | D:7      | Reached **** piety under Trog
  8560 | D:7      | Found a white marble altar of Elyvilon.
  8580 | D:7      | Reached skill level 5 in Evocations
  8923 | D:8      | Noticed a hornet
  8930 | D:8      | Killed a hornet
  8931 | D:8      | Reached skill level 9 in Maces & Flails
  8968 | D:8      | Reached skill level 1 in Throwing
  9059 | D:8      | Reached XP level 10. HP: 36/61 MP: 10/10
  9293 | D:8      | Noticed Erica
  9304 | D:8      | Killed Erica
  9816 | D:8      | Noticed a boulder beetle
  9816 | D:8      | Noticed a wolf spider
  9816 | D:8      | Noticed an ogre mage
  9817 | D:8      | Found a runed translucent door.
  9819 | D:8      | Noticed a skeletal warrior
  9819 | D:8      | Noticed an orc knight
  9819 | D:8      | Noticed a deep elf pyromancer
  9819 | D:8      | Noticed a boulder beetle
  9819 | D:8      | Noticed a centaur warrior
  9895 | D:8      | Found a snail-covered altar of Cheibriados.
 10719 | D:9      | Noticed a two-headed ogre
 10730 | D:8      | Killed an orc knight
 10731 | D:8      | Reached skill level 10 in Maces & Flails
 11478 | D:8      | Killed a boulder beetle
 11482 | D:8      | Paralysed by an ogre mage for 5 turns
 11759 | D:8      | HP: 4/94 [centaur warrior/staff of air (1)]
 11761 | D:8      | Killed a centaur warrior
 12027 | D:8      | Killed an ogre mage
 12028 | D:8      | Reached XP level 11. HP: 67/67 MP: 11/11
 12093 | D:8      | Killed a deep elf pyromancer
 12098 | D:8      | Killed a wolf spider
 12487 | D:8      | Killed a two-headed ogre
 12488 | D:8      | Reached skill level 11 in Maces & Flails
 12794 | D:9      | Noticed a two-headed ogre
 12804 | D:9      | Killed a two-headed ogre
 13363 | D:9      | Found a blossoming altar of Fedhas.
 13397 | D:9      | Found a glowing golden altar of the Shining One.
 13579 | D:9      | Identified the +5 flail of Neurosis {spect, *Noise rC++
                  | Int-4 Dex+4}
 13589 | D:9      | Noticed Grum
 13608 | D:9      | Killed Grum
 13940 | D:10     | Entered Level 10 of the Dungeon
 14868 | D:10     | Found a portal to a secret trove of treasure.
 14993 | D:10     | Noticed Joseph
 14994 | D:10     | Noticed a two-headed ogre
 15004 | D:10     | Killed Joseph
 15008 | D:10     | Killed a two-headed ogre
 15010 | D:10     | Reached skill level 12 in Maces & Flails
 15013 | D:10     | Reached XP level 12. HP: 35/74 MP: 12/12
 15584 | D:11     | Reached skill level 1 in Shields
 16585 | D:11     | Found a staircase to the Lair.
 16937 | D:11     | Found Jaryco Seeph's CLEARANCE SALE!.
 16966 | D:11     | Bought a scroll of identify for 8 gold pieces
 17693 | D:12     | Reached ***** piety under Trog
 18139 | D:12     | Reached skill level 13 in Maces & Flails
 18494 | D:12     | Noticed a two-headed ogre
 18502 | D:12     | Killed a two-headed ogre
 18574 | D:12     | Found Duzuhok's Armour Shop.
 18574 | D:12     | Found a staircase to the Orcish Mines.
 18602 | D:12     | Bought a +1 pair of boots of rampaging for 264 gold pieces
 18903 | D:13     | Received a gift from Trog
 18988 | D:13     | Found Ycechuihyt's Antique Armour Boutique.
 19062 | D:13     | Noticed a boulder beetle
 19085 | D:13     | Killed a boulder beetle
 19086 | D:13     | Reached XP level 13. HP: 58/80 MP: 13/13
 19351 | D:13     | Reached skill level 10 in Armour
 20425 | D:13     | Reached skill level 14 in Maces & Flails
 20831 | D:14     | Reached skill level 10 in Fighting
 21407 | D:14     | Noticed a rakshasa
 21427 | D:14     | Killed a rakshasa
 21868 | D:14     | Gained mutation: Your large and strong wings let you fly.
                  | [Gargoyle growth]
 21868 | D:14     | Reached XP level 14. HP: 88/88 MP: 14/14
 22563 | D:14     | Found a gate to the Vaults.
 22966 | D:14     | Found Mouwezel's General Store.
 23365 | D:15     | Entered Level 15 of the Dungeon
 23455 | D:15     | Reached skill level 15 in Maces & Flails
 23455 | D:15     | Reached skill level 10 in Evocations
 23467 | D:15     | Killed from afar by an orc priest

Illustrated notes

Levels and vault maps discovered:
D:1:      kennysheep_arrival_seaside, layout_rooms
D:2:      layout_basic, hellmonk_ecumenical_altar_zigzags
D:3:      layout_basic, lemuel_crystal_altar,
          mainiacjoe_overflow_small_starburst, serial_shops,
          nicolae_shop_bloodbath_and_beyond
D:4:      cheibrodos_barr_body, layout_loops_ring, uniq_crazy_yiuf_cottage,
          uniq_grinder
D:5:      layout_rooms, grunt_temple_overflow_gold_and_silver,
          minmay_misc_feat_hallway, minmay_puff
D:6:      kb_forest_paths, layout_cave_pods, bloody_trog,
          mainiacjoe_overflow_catch_the_wave
D:7:      layout_rooms, mainiacjoe_overflow_catwalk,
          minmay_temple_entry_butterflies
D:8:      minmay_gate_of_8, layout_basic, kennysheep_little_box, uniq_erica
D:9:      layout_loops_cross, nicolae_tso_carved_into_rock, fedhas_altar_2,
          uniq_grum
D:10:     layout_basic, nicolae_trove_entry_free_sample, uniq_joseph
D:11:     layout_big_octagon, nicolae_shop_clearance
D:12:     layout_stronghold, orc_david_3, kennysheep_generic_room_9
D:13:     layout_long_grid, serial_shops, nicolae_shop_overgrown_old_shop,
          kennysheep_small_square
D:14:     layout_loops_ring, david_vaults_2, serial_shops,
          nicolae_take_the_stairs
D:15:     hangedman_depths_entry_try_elsewhere_first, layout_rooms,
          roderic_serpentine_path

Skill      XL: |  1  2  3  4  5  6  7  8  9 10 11 12 13 14 |
---------------+-------------------------------------------+-----
Evocations     | 1 2 3 4 5 6 7 8 9 10 | 10.0
Maces & Flails | 4 5 6 7 9 10 12 13 14 15 | 15.0
Fighting       | 4 5 6 7 8 9 10 11 | 11.0
Dodging        | 2 3 4 |  4.2
Stealth        | 1 2 |  2.7
Armour         | 3 5 7 8 9 11 | 11.5
Throwing       | 1 3 4 |  4.8
Shields        | 2 3 4 |  4.5
Unarmed Combat | |  0.1

Action                   |  1- 3 |  4- 6 |  7- 9 | 10-12 | 13-15 || total
-------------------------+-------+-------+-------+-------+-------++-------
Melee: Mace              |    79 |   136 |   117 |       |       ||   332
       Punch             |       |     2 |     3 |     3 |       ||     8
       Morningstar       |       |       |   174 |   523 |   389 ||  1086
       Unarmed           |       |       |       |     5 |       ||     5
Invok: Berserk           |       |     4 |     8 |    13 |     6 ||    31
  Use: Scroll            |       |     1 |     6 |    12 |     5 ||    24
Armor: Animal skin       |    31 |    70 |     4 |       |       ||   105
       Scale mail        |       |       |   141 |       |       ||   141
       Chain mail        |       |       |    67 |       |       ||    67
       Plate armour      |       |       |    36 |   510 |   530 ||  1076
Dodge: Dodged            |    61 |   126 |   206 |   240 |   225 ||   858
Block: Buckler           |       |       |       |    73 |   150 ||   223
